 Dungeon Crawl Stone Soup version 0.17-a0-1123-g6d3914c (webtiles) character file.

258328 Kisielow the Phalangite (level 19, -20/155 HPs)
             Began as a Merfolk Ice Elementalist on May 24, 2015.
             Was a High Priest of Yredelemnul.
             Engulfed by a salamander stormcaller's flame (25 damage)
             ... on level 3 of the Abyss.
             The game lasted 04:54:11 (45714 turns).

Kisielow the Phalangite (Merfolk Ice Elementalist) Turns: 45714, Time: 04:54:11

Health: -20/155    AC: 15    Str: 19 (20) XL:     19   Next: 86%
Magic:  36/36      EV: 28    Int: 11 (13) God:    Yredelemnul [*****.]
Gold:   3247       SH:  0    Dex: 19 (21) Spells: 6 memorised, 9 levels left

rFire  . . .     SeeInvis +     T - +4 glaive (flame)
rCold  . . .     Rnd*Rage +     v - +1 robe of Ejar {Str+2 Dex+2 Slay+3 SInv}
rNeg   . . .     SustAt   .     (no shield)
rPois  +         Gourm    .     (helmet restricted)
rElec  +         Spirit   .     q - +2 cloak
rCorr  .         Warding  .     d - +0 pair of gloves "Qeowumm" {rElec rPois MR+ Stlth+}
rMut   .         Stasis   .     C - +2 pair of boots
MR     +....                    y - amulet of regeneration
Stlth  +++++.....               M - ring "Casaeluk" {MR- MP+9 Str+7}
                                G - ring "Ziamudd" {+Fly rElec AC+5 Int+2}

@: exhausted, short of breath, slowed, repel missiles, very slow, somewhat
resistant to hostile enchantments, quite stealthy
A: change form in water, swift swim, beak, berserk 1, blurry vision 2, breathe
flames 1, deformed body, deterioration 2, dopey 2, frail 2, robust 2, shaggy fur
1, slow healing 2, subdued magic 3
a: Animate Dead, Recall Undead Slaves, Injury Mirror, Drain Life, Enslave Soul,
Renounce Religion, Breathe Fire, Evoke Flight
}: 2/15 runes: decaying, gossamer


You were on level 3 of the Abyss.
You worshipped Yredelemnul.
Yredelemnul was extremely pleased with you.
You were very hungry.

You visited 8 branches of the dungeon, and saw 40 of its levels.
You visited the Abyss 1 time.
You visited 1 bazaar.
You also visited: Ice Cave.

You collected 5123 gold pieces.
You spent 1876 gold pieces at shops.

Inventory:

Hand weapons
 a - a +6 glaive of venom
 u - the +1 whip of the Iron City of Dis {flame, +Rage rElec rF+ MR+}
   (You found it on level 1 of the Vaults)

   It has been specially enchanted to burn those struck by it, causing extra
   injury to most foes and up to half again as much damage against particularly
   susceptible opponents.
   It protects you from fire.
   It insulates you from electricity.
   It affects your resistance to hostile enchantments.
   It lets you go berserk.
 T - a +4 glaive of flaming (weapon)
Armour
 d - the +0 pair of gloves "Qeowumm" (worn) {rElec rPois MR+ Stlth+}
   (You bought it in a shop on level 14 of the Dungeon)

   It insulates you from electricity.
   It protects you from poison.
   It affects your resistance to hostile enchantments.
   It makes you more stealthy.
 q - a +2 cloak (worn)
 v - the +1 robe of Ejar (worn) {Str+2 Dex+2 Slay+3 SInv}
   (You found it on level 1 of the Spider Nest)

   It affects your strength (+2).
   It affects your dexterity (+2).
   It affects your accuracy and damage with ranged weapons and melee attacks
   (+3).
   It lets you see invisible.
 C - a +2 pair of boots (worn)
Rods
 s - a +2 rod of clouds (11/11)
   (You found it on level 3 of the Elven Halls)
Jewellery
 i - an uncursed ring of fire
 k - a +2 ring of evasion {unknown}
 y - an amulet of regeneration (around neck)
 G - the ring "Ziamudd" (left hand) {+Fly rElec AC+5 Int+2}
   (You found it on level 2 of the Lair of Beasts)

   [ring of protection]

   It affects your AC (+5).
   It affects your intelligence (+2).
   It insulates you from electricity.
   It lets you fly.
 M - the ring "Casaeluk" (right hand) {MR- MP+9 Str+7}
   (You found it on level 3 of the Elven Halls)

   [ring of magical power]

   It affects your strength (+7).
   It affects your resistance to hostile enchantments.
   It affects your magic capacity (+9).
Magical devices
 b - a wand of hasting (6)
 o - a wand of fire (10)
 r - a wand of draining (9)
 w - a wand of magic darts (26)
 B - a wand of paralysis (19)
 H - a wand of draining (6)
 I - a wand of digging (8)
 L - a wand of cold (11)
 N - a wand of enslavement (10)
 S - a wand of paralysis (18)
 U - a wand of teleportation (7)
 X - a wand of polymorph (19)
Scrolls
 e - 10 scrolls of blinking
 g - a scroll of enchant armour
 h - 2 scrolls of identify
 m - 19 scrolls of remove curse
 z - 5 scrolls of fear
 A - a scroll of amnesia
 D - a scroll of recharging
 F - 3 scrolls of teleportation
 O - a scroll of fog
 Q - 2 scrolls of magic mapping
Potions
 j - 8 potions of brilliance
 l - 5 potions of curing
 p - 6 potions of invisibility
 t - 7 potions of flight
 E - 3 potions of might
 R - 4 potions of haste
 V - a potion of cancellation
 Y - a potion of agility
Books
 W - the Grimoire of the Birds
   (You found it on level 3 of the Abyss)

   Spells                             Type                      Level
   a - Mephitic Cloud                 Conjuration/Poison/Air       3
   b - Summon Lightning Spire         Summoning/Air                4
   c - Tornado                        Air                          9
Miscellaneous
 x - a legendary deck of escape {drawn: 3}
 K - an ornate deck of summoning {drawn: 3}
Comestibles
 c - 16 bread rations
 f - 8 beef jerkies
 n - 4 meat rations
 J - 6 royal jellies
 P - a slice of pizza


   Skills:
 - Level 15.2 Fighting
 - Level 25.4 Polearms
 * Level 2.9 Armour
 - Level 18.2 Dodging
 - Level 8.0 Stealth
 - Level 5.1 Spellcasting
 - Level 7.3 Conjurations
 - Level 5.4 Charms
 - Level 14.0 Ice Magic
 - Level 11.0 Invocations
 - Level 1.0 Evocations


You had 9 spell levels left.
You knew the following spells:

 Your Spells              Type           Power        Failure   Level  Hunger
a - Throw Icicle          Conj/Ice       ##......     0%          4    ####...
d - Summon Ice Beast      Ice/Summ       #.......     1%          4    ####...
e - Repel Missiles        Chrm/Air       #.....       1%          2    ##.....
q - Ozocubu's Armour      Chrm/Ice       #.......     0%          3    ###....
r - Swiftness             Chrm/Air       #.......     1%          2    ##.....
w - Condensation Shield   Ice            ##........   0%          4    ####...


Dungeon Overview and Level Annotations

Branches:
Dungeon (15/15)            Temple (1/1) D:4            Lair (8/8) D:9
  Swamp (4/4) Lair:5       Spider (4/4) Lair:3        Slime (0/6) Lair:7
    Orc (4/4) D:12            Elf (3/3) Orc:4        Vaults (1/5) D:14
 Depths (0/5) D:15

Altars:
Ashenzari
Cheibriados
Dithmenos
Elyvilon
Fedhas
Gozag
Kikubaaqudgha
Makhleb
Nemelex Xobeh
Okawaru
Qazlal
Ru
Sif Muna
Trog
Vehumet
Xom
Yredelemnul
Zin
The Shining One
Beogh
Jiyva

Shops:
D:4 (}!!%   D:5 =   D:9 [   D:11 ?   D:12 *   D:14 [   Orc:2 *   Orc:4 ***[

Annotations:
Abyss:1 Erolcha, Pikel, Rupert


Innate Abilities, Weirdness & Mutations

You revert to your normal form in water.
You are very nimble and swift while swimming.
You have a beak for a mouth.
You tend to lose your temper in combat.
You can breathe flames.
You are very robust (+20% HP).
You are covered in fur (AC +1).
Your spells are much easier to cast, but much less powerful.
[Scrolls take you longer to read.]
[Armour fits poorly on your strangely shaped body.]
[Your body often deteriorates upon taking damage.]
[You are very dopey. (Int -4)]
[You are very frail (-20% HP).]
[You do not heal naturally when monsters are visible.]


Message History

The salamander stormcaller is moderately wounded.
You feel somewhat more hungry.
The salamander stormcaller points at you and mumbles some strange words.
A raging storm of fire appears!
The great blast of fire engulfs you!
* * * LOW HITPOINT WARNING * * *
Your body deteriorates!
You feel weakened.
The great blast of fire engulfs the large abomination.
The large abomination is destroyed!
The great blast of fire engulfs the salamander stormcaller.
The salamander stormcaller partially resists.
The salamander stormcaller gestures at you while chanting.
The sticky flame is repelled.
A fire vortex comes into view.
Drink which item? (? for menu, Esc to quit)
Okay, then.
Evoke which item? (* to show all) (? for menu, Esc to quit)
You draw a card...
It is the Shaft.
Nothing appears to happen.
You are engulfed in roaring flames.
You die...
Your body rises from the dead as a mindless zombie.

#.. _. .. . .#
#.# ####.# #
.###.§§####....
#....§§@§§.....
.......v§§§N.....
. ....######.....
.....# .... ...#
... ###. .# . .


You could see a salamander stormcaller and a fire vortex.

Vanquished Creatures
  A bone dragon (Abyss:1)
  A Shadow Fiend (Elf:3)
  A deep elf blademaster (Elf:3)
  2 deep elf master archers (Elf:3)
  3 tentacled starspawn
  2 emperor scorpions (Spider:4)
  3 deep elf sorcerers (Elf:3)
  Aizul (Elf:3)
  A draconian shifter (Abyss:1)
  An orc warlord (Orc:4)
  2 ironheart preservers (Vaults:1)
  3 deep elf annihilators (Elf:3)
  A yellow draconian (Abyss:2)
  An ettin (D:15)
  3 rakshasas (Abyss:2)
  Fannar (D:10)
  A green death (Abyss:2)
  3 deep elf death magi (Elf:3)
  A fire dragon (Swamp:4)
  4 ogre magi (Vaults:1)
  9 hydras
  Urug (Orc:2)
  5 centaur warriors
  10 dancing weapons (Elf:2)
  4 alligators
  3 death yaks (Lair:8)
  A tengu warrior (D:14)
  A vampire mage (Abyss:1)
  2 orc high priests (Orc:4)
  A hell knight (Abyss:3)
  2 thrashing horrors (Abyss:2)
  5 wretched stars
  3 skeletal warriors
  An ice devil (IceCv)
  A spatial maelstrom (Abyss:2)
  9 deep elf knights
  A deep troll (D:15)
  A flayed ghost (Abyss:2)
  A giant orange brain (D:11)
  5 swamp dragons
  2 ice statues (IceCv)
  2 spriggan druids
  4 ironbrand convokers (Vaults:1)
  3 orc knights
  A shambling mangrove (Swamp:4)
  3 deep elf summoners (Elf:3)
  An unseen horror (Abyss:2)
  4 large abominations
  7 orb spiders
  An orc sorcerer (Orc:4)
  A griffon (Vaults:1)
  The ghost of Monkaria the Carver, an experienced DsCK of Xom (D:5)
  A wolf spider zombie (D:15)
  3 deep elf conjurers
  2 manticores
  9 ugly things
  8 wolf spiders
  6 hill giants
  A necromancer (IceCv)
  3 hornets
  4 cyclopes
  3 elephants (Lair:5)
  14 spiny frogs
  Maurice (D:8)
  6 black mambas
  2 orange demons
  2 torpor snails
  2 smoke demons
  2 centaur skeletons
  An orange crystal statue (D:15)
  A gargoyle (D:15)
  2 efreet (Abyss:2)
  9 yaktaurs
  3 fire drakes
  2 komodo dragons
  A redback zombie (D:15)
  2 demonic crawlers
  3 blue devils (IceCv)
  A troll (shapeshifter) (Vaults:1)
  3 ancient zymes
  7 deep elf priests
  3 wandering mushrooms (D:8)
  9 jumping spiders
  2 kobold demonologists
  A queen bee (Lair:2)
  2 hellwings (Abyss:2)
  16 slime creatures
  The ghost of Monkaria the Slasher, an average DsCK of Xom (D:4)
  8 raiju
  The ghost of KimSkiy the Sneak, an average HuAr (D:3)
  13 blink frogs
  Prince Ribbit (D:8)
  A polar bear (Vaults:1)
  A giant leech (Swamp:2)
  A sphinx simulacrum (Vaults:1)
  4 bog bodies
  3 two-headed ogres
  3 ravens
  A boulder beetle (Vaults:1)
  11 trolls
  14 redbacks
  A wyvern (D:10)
  12 starcursed masses
  4 spriggans
  4 trapdoor spiders
  13 deep elf magi
  A trapdoor spider (shapeshifter) (Abyss:1)
  2 fire bats (Swamp:4)
  2 wraiths
  47 yaks
  6 tarantellas
  7 hippogriffs
  10 small abominations
  3 hungry ghosts
  2 mottled dragons (Swamp:4)
  A chaos spawn (Abyss:2)
  3 neqoxecs
  2 wargs (Orc:2)
  A spatial vortex (Abyss:2)
  14 vampire mosquitoes
  A wolf (Lair:2)
  2 steam dragons
  14 deep elf fighters
  16 swamp worms
  7 water moccasins
  An insubstantial wisp (Abyss:2)
  27 orc warriors
  11 ice beasts
  3 hell hounds (Abyss:2)
  9 swamp drakes
  A necrophage (D:10)
  3 slaves (D:7)
  2 black bears
  12 spiders
  13 ogres
  3 phantoms
  12 porcupines
  4 sky beasts
  2 eyes of draining
  7 wasps
  6 centaurs
  7 big kobolds
  3 brain worms (D:11)
  16 crocodiles
  A wyvern zombie (D:12)
  A brain worm (shapeshifter) (Abyss:2)
  23 giant frogs
  A wyvern skeleton (D:15)
  22 killer bees
  5 scorpions
  2 oklob saplings (D:8)
  A water moccasin skeleton (D:8)
  5 crimson imps
  5 hounds
  A quasit (D:11)
  5 electric eels
  A wight (D:7)
  4 centaur zombies
  A giant frog zombie (D:8)
  5 jellies
  14 iguanas
  24 orc priests
  2 human zombies (D:7)
  2 giant frog skeletons
  3 human skeletons (D:7)
  17 sheep
  Natasha (thrice) (D:3)
  18 orc wizards
  10 worker ants
  A boulder beetle simulacrum (Vaults:1)
  5 hell rats
  2 centaur simulacra (IceCv)
  A hound zombie (D:11)
  2 mummies (D:7)
  A hound skeleton (D:6)
  16 adders
  2 naga simulacra (IceCv)
  3 ogre simulacra (IceCv)
  32 river rats
  4 white imps
  5 shadow imps
  An ufetubus (Abyss:1)
  An ooze (D:7)
  2 adder skeletons
  An adder zombie (D:6)
  4 worms
  6 giant geckos
  146 orcs
  A bat skeleton (D:4)
  22 goblins
  21 hobgoblins
  21 jackals
  24 kobolds
  5 quokkas
  2 ball pythons (D:3)
  12 bats
  2 giant cockroaches
  2 giant gecko skeletons (D:4)
  4 giant newts
  2 jackal skeletons
  10 rats
  A crawling corpse (Elf:3)
  2 fungi
  A plant (Lair:6)
  3 starspawn tentacles (Abyss:2)
1195 creatures vanquished.

Vanquished Creatures (collateral kills)
  Jorgrun (Swamp:3)
  Asterion (Spider:4)
  3 deep elf blademasters (Elf:3)
  2 deep elf master archers (Elf:3)
  A thorn hunter (Swamp:4)
  Agnes (Spider:4)
  Wiglaf (Spider:4)
  Donald (Spider:2)
  6 vault wardens (Vaults:1)
  4 deep elf sorcerers
  3 emperor scorpions
  A reaper (Elf:3)
  3 ghost moths (Spider:4)
  2 ironheart preservers (Vaults:1)
  2 deep elf demonologists (Elf:3)
  2 deep elf annihilators
  A deep elf death mage (Elf:3)
  2 fire dragons (Swamp:4)
  A yaktaur captain (Vaults:1)
  2 deep elf high priests
  11 hydras
  An entropy weaver (Spider:2)
  A ghost crab (Swamp:3)
  8 dancing weapons (Elf:2)
  2 tengu warriors
  3 orc high priests (Orc:4)
  8 deep elf knights
  7 death yaks (Lair:8)
  3 lindwurms (Swamp:4)
  A soul eater (Elf:3)
  2 fire crabs
  7 skeletal warriors
  4 deep elf summoners
  A shadow wraith (Vaults:1)
  An ironbrand convoker (Vaults:1)
  3 swamp dragons
  2 hill giants
  10 orb spiders
  A harpy (shapeshifter) (Elf:3)
  A giant orange brain (Vaults:1)
  12 wolf spiders
  A griffon (Vaults:1)
  9 orc knights
  2 ugly things
  An orc sorcerer (Vaults:1)
  5 deep elf conjurers
  3 elephants (Lair:5)
  2 hornets (Spider:4)
  A moth of wrath (Spider:3)
  12 spiny frogs
  A sixfirhy (Orc:4)
  A torpor snail (Spider:1)
  A smoke demon (Abyss:2)
  4 demonic crawlers
  An orange demon (Orc:4)
  A redback zombie (Spider:3)
  16 jumping spiders
  A centaur skeleton (D:15)
  13 yaktaurs
  A hellwing (Orc:4)
  A troll (Orc:4)
  4 fire drakes
  4 two-headed ogres (Vaults:1)
  A polar bear (Lair:5)
  4 deep elf priests
  14 blink frogs
  2 bog bodies
  6 ravens
  3 boulder beetles
  3 giant leeches (Lair:8)
  7 slime creatures
  5 spriggans
  22 redbacks
  7 trapdoor spiders
  12 deep elf fighters
  20 tarantellas
  6 deep elf magi
  A fire bat (Swamp:4)
  A shadow (Swamp:4)
  A vampire (Spider:4)
  18 yaks
  3 hippogriffs
  A basilisk (Lair:3)
  A water elemental (D:14)
  A wolf (Vaults:1)
  A mottled dragon (Swamp:4)
  13 vampire mosquitoes
  4 water moccasins
  4 swamp worms
  A porcupine (Lair:7)
  17 spiders
  10 swamp drakes
  A hell hound (Abyss:2)
  6 wasps
  11 ogres
  6 ice beasts
  20 orc warriors
  2 crocodiles (Lair:8)
  A big kobold (D:14)
  2 brain worms
  9 giant frogs
  A water moccasin zombie (D:12)
  2 killer bees (Lair:2)
  3 electric eels
  A giant frog zombie (D:12)
  A crimson imp (D:11)
  24 orc priests
  4 orc wizards
  An iguana (D:9)
  2 hell rats (Lair:5)
  A worker ant (D:14)
  11 sheep
  25 river rats
  An adder (D:12)
  A white imp (Vaults:1)
  5 ufetubi
  92 orcs
  3 goblins
  3 hobgoblins
  3 kobolds
  A bush (Lair:7)
  3 fungi (Lair:8)
  6 plants
655 creatures vanquished.

Vanquished Creatures (others)
  A profane servitor (Spider:4)
  A bone dragon (Elf:3)
  An eldritch tentacle (Elf:3)
  A ghoul (Swamp:4)
  spectral Arachne (Spider:4)
  3 death cobs
  A hydra (Swamp:4)
  An alligator (Swamp:4)
  5 skeletal warriors
  4 flayed ghosts
  3 phantasmal warriors
  An ice statue (IceCv)
  A swamp dragon (Swamp:4)
  2 ugly thing zombies (Vaults:1)
  A wolf spider zombie (Spider:4)
  A manticore (D:15)
  An ugly thing skeleton (D:11)
  2 centaur zombies
  2 spectral ogres
  A centaur skeleton (D:13)
  A swamp worm zombie (Swamp:3)
  4 redback zombies
  A fire drake (Lair:1)
  A deep elf priest (Elf:1)
  2 hydra zombies (Swamp:4)
  A large abomination (Abyss:3)
  A giant leech (Lair:8)
  A blue devil (IceCv)
  A moth of wrath zombie (Spider:3)
  A trapdoor spider zombie (Spider:4)
  A raiju (Abyss:2)
  A jumping spider zombie (Spider:4)
  2 tarantella zombies
  5 wraiths
  19 flying skulls
  2 spectral elves
  5 vampires
  A deep elf fighter (Elf:1)
  A fire dragon skeleton (Swamp:4)
  A giant leech zombie (Lair:8)
  6 yaks
  2 hill giant zombies
  3 blink frog zombies
  A mottled dragon (Swamp:4)
  2 hippogriffs
  2 orb spider zombies (Spider:3)
  3 vampire mosquitoes
  A porcupine (Lair:7)
  8 spiny frog zombies
  A swamp drake (Swamp:4)
  A black bear (D:7)
  5 ice beasts
  2 lindwurm zombies (Swamp:4)
  A slave (D:7)
  8 elf zombies
  11 vampire mosquito zombies
  2 lost souls (Elf:3)
  A brain worm (D:15)
  A centaur (D:15)
  2 crocodiles
  A fire crab zombie (Vaults:1)
  5 yaktaur zombies
  3 spider zombies
  A warg zombie (Orc:2)
  A giant frog (Lair:8)
  2 water moccasin zombies
  3 killer bees
  3 troll zombies
  A hippogriff zombie (Lair:8)
  2 spriggan zombies
  2 wights (Lair:8)
  13 yak zombies
  A wolf zombie (Lair:2)
  A hound (D:6)
  3 wasp zombies
  4 human zombies
  9 giant frog zombies
  A draconian simulacrum (IceCv)
  An orc wizard (D:9)
  A bog body skeleton (Swamp:2)
  A worker ant (D:5)
  A porcupine skeleton (Lair:3)
  A porcupine zombie (Lair:7)
  A hell rat (Lair:5)
  2 troll simulacra (IceCv)
  A brain worm zombie (Lair:7)
  A mottled dragon zombie (Swamp:4)
  4 big kobold zombies
  5 ogre zombies
  2 killer bee zombies (D:12)
  A mottled dragon skeleton (Swamp:4)
  A necrophage skeleton (D:10)
  An ogre skeleton (Vaults:1)
  A hound zombie (D:10)
  A mummy (Lair:7)
  A hell rat zombie (Lair:5)
  2 swamp drake zombies (Swamp:4)
  An adder (D:5)
  A river rat (Lair:8)
  An adder zombie (D:11)
  An iguana zombie (Lair:4)
  5 sheep zombies
  A worm (D:4)
  3 electric eel zombies
  An orc (D:5)
  A bat zombie (D:10)
  A jackal (D:7)
  11 river rat zombies
  A goblin zombie (Orc:4)
  4 hobgoblin zombies
  4 kobold zombies
  59 orc zombies
  77 eldritch tentacle segments (Elf:3)
  14 fungi
  4 plants (D:14)
  3 starspawn tentacles (Abyss:2)
  2 starspawn tentacle segments (Abyss:2)
429 creatures vanquished.

Grand Total: 2279 creatures vanquished

Notes
Turn   | Place    | Note
--------------------------------------------------------------
     0 | D:1      | Kisielow the Merfolk Ice Elementalist began the quest for the Orb.
     0 | D:1      | Reached XP level 1. HP: 13/13 MP: 3/3
   356 | D:1      | Reached XP level 2. HP: 16/19 MP: 0/5
   436 | D:1      | Reached skill level 4 in Ice Magic
   875 | D:2      | Reached skill level 1 in Fighting
   933 | D:2      | Reached XP level 3. HP: 24/26 MP: 4/6
   937 | D:2      | Learned a level 2 spell: Throw Frost
   941 | D:2      | Learned a level 3 spell: Ozocubu's Armour
  1057 | D:2      | HP: 1/26 [worm (2)]
  1496 | D:2      | Found an ancient bone altar of Kikubaaqudgha.
  1688 | D:2      | Reached skill level 1 in Charms
  1688 | D:2      | Reached XP level 4. HP: 24/32 MP: 1/7
  2468 | D:3      | Noticed KimSkiy's ghost (average HuAr)
  2493 | D:3      | Killed KimSkiy's ghost
  2493 | D:3      | Reached skill level 5 in Charms
  2493 | D:3      | Reached XP level 5. HP: 15/37 MP: 0/8
  2493 | D:3      | Reached XP level 6. HP: 17/43 MP: 0/9
  2779 | D:3      | Found a sacrificial altar of Ru.
  2911 | D:3      | Noticed Natasha
  2917 | D:3      | Killed Natasha
  2972 | D:3      | Noticed Natasha
  2979 | D:3      | Killed Natasha
  3296 | D:3      | Noticed Natasha
  3303 | D:3      | Killed Natasha
  3360 | D:3      | Reached skill level 5 in Dodging
  3690 | D:4      | Found Xoluhe's Antique Weapon Emporium.
  3698 | D:4      | Bought a runed trident for 101 gold pieces
  3740 | D:4      | Reached skill level 1 in Polearms
  3743 | D:4      | Reached XP level 7. HP: 44/50 MP: 10/10
  3772 | D:4      | Found Sojeunk's Distillery.
  3797 | D:4      | Bought a potion of mutation for 25 gold pieces
  3797 | D:4      | Gained mutation: You have a beak for a mouth. [potion of mutation]
  3797 | D:4      | Gained mutation: You expend magic power (3 MP) to strengthen your wands. [potion of mutation]
  3797 | D:4      | Gained mutation: You possess an exceptional clarity of mind. [potion of mutation]
  4056 | D:4      | Found Tafiqet's Gadget Shoppe.
  4067 | D:4      | Found Taagg's Distillery.
  4071 | D:4      | Bought a potion of mutation for 25 gold pieces
  4071 | D:4      | Gained mutation: You are robust (+10% HP). [potion of mutation]
  4071 | D:4      | Gained mutation: You are very robust (+20% HP). [potion of mutation]
  4251 | D:4      | Noticed Monkaria's ghost (average DsCK)
  4326 | D:4      | Found Ephuez's Food Shoppe.
  4797 | D:4      | Found a staircase to the Ecumenical Temple.
  4939 | Temple   | Entered the Ecumenical Temple
  5096 | D:5      | Entered Level 5 of the Dungeon
  5192 | D:4      | Paralysed by Monkaria's ghost for 5 turns
  5198 | D:4      | Killed Monkaria's ghost
  5198 | D:4      | Reached skill level 6 in Polearms
  5342 | D:5      | Noticed Monkaria's ghost (experienced DsCK)
  5461 | D:5      | Reached skill level 7 in Polearms
  5602 | D:5      | Found Wiexie's Jewellery Emporium.
  5636 | D:5      | Reached XP level 8. HP: 62/67 MP: 7/11
  5671 | D:5      | Learned a level 4 spell: Condensation Shield
  5685 | D:5      | Found a radiant altar of Vehumet.
  5806 | D:5      | Paralysed by Monkaria's ghost for 5 turns
  5819 | D:5      | Killed Monkaria's ghost
  5819 | D:5      | Reached skill level 8 in Dodging
  6197 | D:6      | Found an iron altar of Okawaru.
  6329 | D:6      | Reached skill level 5 in Fighting
  6329 | D:6      | Reached skill level 9 in Dodging
  6329 | D:6      | Reached XP level 9. HP: 79/81 MP: 6/12
  6653 | D:6      | Noticed a hill giant
  6664 | D:6      | Killed a hill giant
  6664 | D:6      | Reached skill level 10 in Dodging
  7131 | D:7      | Noticed Pikel
  7426 | D:7      | Noticed Prince Ribbit
  7452 | D:8      | Killed Prince Ribbit
  7452 | D:8      | Reached skill level 10 in Polearms
  7786 | D:8      | Reached skill level 11 in Polearms
  8057 | D:7      | Banished Pikel
  8057 | D:7      | Reached XP level 10. HP: 88/91 MP: 13/13
  8120 | D:7      | Reached skill level 12 in Polearms
  8322 | D:7      | Found a basalt altar of Yredelemnul.
  8338 | D:7      | Became a worshipper of Yredelemnul the Dark
  8346 | D:7      | Reached skill level 13 in Polearms
  8849 | D:8      | Noticed Maurice
  8870 | D:8      | Killed Maurice
  8870 | D:8      | Reached skill level 14 in Polearms
  8933 | D:8      | Found a deep blue altar of Sif Muna.
  8969 | D:8      | Gained mutation: Your muscles are strong. (Str +2) [mutagenic meat]
  8970 | D:8      | Lost mutation: You expend magic power (3 MP) to strengthen your wands. [mutagenic meat]
  8971 | D:8      | Gained mutation: You expend magic power (3 MP) to strengthen your wands. [mutagenic meat]
  8972 | D:8      | Gained mutation: Your muscles are very strong. (Str +4) [mutagenic meat]
  8997 | D:8      | Noticed Erolcha
  9010 | D:8      | Banished Erolcha
  9050 | D:8      | Acquired Yredelemnul's first power
  9359 | D:8      | Noticed a wandering mushroom
  9369 | D:8      | Found a blossoming altar of Fedhas.
  9369 | D:8      | Noticed a wandering mushroom
  9369 | D:8      | Noticed a wandering mushroom
  9369 | D:8      | Noticed a wandering mushroom
  9374 | D:8      | Killed a wandering mushroom
  9395 | D:8      | Killed a wandering mushroom
  9395 | D:8      | Reached XP level 11. HP: 55/102 MP: 14/14
  9604 | D:8      | Killed a wandering mushroom
  9724 | D:9      | Found Goem Bau's Armour Emporium.
  9750 | D:9      | Found a staircase to the Lair.
 10145 | D:9      | Found a burning altar of Makhleb.
 10145 | D:9      | Noticed an Executioner
 10269 | Lair:1   | Entered Level 1 of the Lair of Beasts
 10490 | Lair:1   | Noticed a seven-headed hydra
 10608 | Lair:1   | Killed a seven-headed hydra
 11326 | Lair:1   | Reached skill level 5 in Ice Magic
 11536 | Lair:1   | Acquired Yredelemnul's second power
 12023 | Lair:2   | Got a shimmering pewter ring
 12856 | Lair:3   | Identified the ring "Ziamudd" {+Fly rElec AC+5 Int+2} (You found it on level 2 of the Lair of Beasts)
 12960 | Lair:3   | Acquired Yredelemnul's third power
 13014 | Lair:3   | Reached XP level 12. HP: 115/115 MP: 8/15
 13100 | Lair:3   | Reached skill level 10 in Ice Magic
 13480 | Lair:3   | Noticed a five-headed hydra
 13512 | Lair:3   | Killed a five-headed hydra
 13530 | Lair:3   | Found a hole to the Spider Nest.
 14003 | Lair:4   | Reached skill level 1 in Invocations
 14109 | Lair:4   | Noticed a four-headed hydra
 14123 | Lair:4   | Killed a four-headed hydra
 14224 | Lair:4   | Noticed Rupert
 14236 | Lair:4   | Banished Rupert
 14236 | Lair:4   | Reached skill level 5 in Invocations
 14395 | Lair:4   | Received a gift from Yredelemnul
 15196 | Lair:5   | Received a gift from Yredelemnul
 15715 | Lair:5   | Reached XP level 13. HP: 121/121 MP: 16/19
 15916 | Lair:5   | Found a staircase to the Swamp.
 16221 | Lair:6   | Found a frozen archway.
 16229 | Lair:6   | Acquired Yredelemnul's fourth power
 16237 | Lair:6   | Reached skill level 10 in Fighting
 16237 | Lair:6   | Received a gift from Yredelemnul
 16252 | IceCv    | Entered an ice cave
 16513 | IceCv    | Learned a level 4 spell: Summon Ice Beast
 16513 | IceCv    | Identified a +1 rod of inaccuracy (11/11) (You found it on level 5 of the Lair of Beasts)
 17277 | Lair:6   | Received a gift from Yredelemnul
 17907 | Lair:7   | Found a staircase to the Slime Pits.
 17908 | Lair:7   | Found a viscous altar of Jiyva.
 18233 | Lair:7   | Received a gift from Yredelemnul
 18978 | Lair:8   | Entered Level 8 of the Lair of Beasts
 19035 | Lair:8   | Reached skill level 1 in Conjurations
 19071 | Lair:8   | Acquired Yredelemnul's fifth power
 19112 | Lair:8   | Received a gift from Yredelemnul
 19323 | Lair:8   | Received a gift from Yredelemnul
 19503 | Lair:8   | Learned a level 4 spell: Throw Icicle
 19623 | Lair:8   | Received a gift from Yredelemnul
 19630 | Lair:8   | Reached XP level 14. HP: 108/135 MP: 4/20
 19717 | Lair:8   | Reached skill level 5 in Conjurations
 19718 | Lair:8   | Received a gift from Yredelemnul
 20014 | Lair:8   | Reached skill level 5 in Spellcasting
 20641 | Lair:8   | Reached skill level 15 in Polearms
 20732 | Lair:8   | Identified the Guide on Creation and the Volcanoes (You found it on level 8 of the Lair of Beasts)
 21163 | D:10     | Entered Level 10 of the Dungeon
 21289 | D:10     | Noticed Fannar
 21302 | D:10     | Received a gift from Yredelemnul
 21329 | D:10     | Killed Fannar
 21599 | D:10     | Reached skill level 16 in Polearms
 21901 | D:10     | Found a roughly hewn altar of Beogh.
 22285 | D:11     | Lost mutation: You possess an exceptional clarity of mind. [mutagenic meat]
 22286 | D:11     | Gained mutation: [You are dopey. (Int -2)] [mutagenic meat]
 22287 | D:11     | Lost mutation: You expend magic power (3 MP) to strengthen your wands. [potion of cure mutation]
 22287 | D:11     | Lost mutation: Your muscles are very strong. (Str +4) [potion of cure mutation]
 22287 | D:11     | Lost mutation: [You are dopey. (Int -2)] [potion of cure mutation]
 22287 | D:11     | Lost mutation: Your muscles are strong. (Str +2) [potion of cure mutation]
 22302 | D:11     | Found a deep blue altar of Sif Muna.
 22548 | D:11     | Found Bezxuzoh's Magic Scroll Emporium.
 22554 | D:11     | Bought a scroll of amnesia for 52 gold pieces
 23216 | D:12     | Found a staircase to the Orcish Mines.
 23444 | D:12     | Gained mutation: You are covered in fur (AC +1). [mutagenic meat]
 23445 | D:12     | Gained mutation: [Armour fits poorly on your strangely shaped body.] [mutagenic meat]
 23446 | D:12     | Gained mutation: Your spells are a little easier to cast, but a little less powerful. [mutagenic meat]
 23520 | D:12     | Found Ocaebio's Elemental Accessories.
 24416 | D:13     | Gained mutation: You are agile. (Dex +2) [potion of mutation]
 24416 | D:13     | Gained mutation: You are extremely robust (+30% HP). [potion of mutation]
 24416 | D:13     | Gained mutation: You can breathe flames. [potion of mutation]
 24430 | D:13     | Lost mutation: You are agile. (Dex +2) [mutagenic meat]
 24431 | D:13     | Gained mutation: You evolve. [mutagenic meat]
 24432 | D:13     | Lost mutation: You evolve. [mutagenic meat]
 24476 | D:13     | Reached skill level 10 in Invocations
 25182 | D:13     | Reached XP level 15. HP: 61/154 MP: 21/23
 25545 | D:14     | Found Utta's Armour Shop.
 25560 | D:14     | Bought the +0 pair of gloves "Qeowumm" {rElec rPois MR+ Stlth+} for 435 gold pieces
 25730 | D:14     | Found a gate to the Vaults.
 25813 | D:14     | Received a gift from Yredelemnul
 25886 | D:14     | Got a pitted quarterstaff
 26562 | D:15     | Entered Level 15 of the Dungeon
 26626 | D:14     | Reached skill level 15 in Dodging
 26747 | D:15     | Received a gift from Yredelemnul
 27031 | D:15     | Found a gateway to a bazaar.
 27119 | D:15     | Gained mutation: You possess an exceptional clarity of mind. [mutagenic meat]
 27120 | D:15     | Gained mutation: Your flesh is heat resistant. [mutagenic meat]
 27134 | Bazaar   | Entered a bazaar
 27199 | Bazaar   | Found Oriav's General Store.
 27199 | Bazaar   | Found Jalu's Gadget Boutique.
 27201 | Bazaar   | Found Ablorch's Gadget Emporium.
 27204 | Bazaar   | Found Edeop's Antique Armour Boutique.
 27215 | Bazaar   | Found Eclugh's Jewellery Boutique.
 27221 | Bazaar   | Found Fosomope's Food Shoppe.
 27269 | Bazaar   | Identified the +7 quarterstaff of Trial by Ordeal {elec, *Noise rElec MR+} (You found it on level 14 of the Dungeon)
 27480 | D:15     | Found a staircase to the Depths.
 28077 | Orc:1    | Entered Level 1 of the Orcish Mines
 28522 | Orc:2    | Found Zedum's Assorted Antiques.
 28543 | Orc:2    | Received a gift from Yredelemnul
 28634 | Orc:1    | Found a roughly hewn altar of Beogh.
 28923 | Orc:2    | Noticed Urug
 28938 | Orc:2    | Received a gift from Yredelemnul
 28964 | Orc:2    | Killed Urug
 29102 | Orc:3    | Received a gift from Yredelemnul
 29313 | Orc:3    | Found a roughly hewn altar of Beogh.
 29497 | Orc:4    | Entered Level 4 of the Orcish Mines
 29833 | Orc:4    | Received a gift from Yredelemnul
 29852 | Orc:4    | Received a gift from Yredelemnul
 29857 | Orc:4    | Received a gift from Yredelemnul
 29873 | Orc:4    | Found a staircase to the Elven Halls.
 30224 | Orc:4    | Received a gift from Yredelemnul
 30234 | Orc:4    | Reached skill level 17 in Polearms
 30479 | Orc:4    | Found Jecsel's Antique Armour Shoppe.
 30482 | Orc:4    | Found Zeng's General Store.
 30483 | Orc:4    | Found Rifukesi's Assorted Antiques.
 30506 | Orc:4    | Received a gift from Yredelemnul
 30507 | Orc:4    | Found Wipyos's General Store.
 30529 | Orc:4    | Bought a brightly glowing silver ring for 185 gold pieces
 30529 | Orc:4    | Bought a scroll of identify for 74 gold pieces
 30529 | Orc:4    | Bought a scroll of identify for 74 gold pieces
 30529 | Orc:4    | Bought a polished large shield for 351 gold pieces
 30529 | Orc:4    | Identified the +6 large shield of Sif Muna's Esteem {Regen+ rCorr Int-2 Dex+4} (You bought it in a shop on level 4 of the Orcish Mines)
 30530 | Orc:4    | Identified the ring of Hanierch {*Corrode +Inv MR+ Str+3 Stlth+} (You bought it in a shop on level 4 of the Orcish Mines)
 30537 | Orc:4    | Bought a distressingly furry leather armour for 168 gold pieces
 30537 | Orc:4    | Bought an ancient scale mail for 216 gold pieces
 30539 | Orc:4    | Bought a scroll of identify for 22 gold pieces
 30543 | Orc:4    | Bought a scroll of identify for 74 gold pieces
 30543 | Orc:4    | Bought a scroll labeled DOPPEROSME for 37 gold pieces
 30543 | Orc:4    | Bought a scroll labeled DOEFIUSI SEMAQ for 37 gold pieces
 30543 | Orc:4    | Identified the +3 leather armour of the Burgomaster {Dex+2} (You bought it in a shop on level 4 of the Orcish Mines)
 30544 | Orc:4    | Identified the cursed +0 scale mail "Yqubb" {rN+ MR+ SInv} (You bought it in a shop on level 4 of the Orcish Mines)
 31066 | Swamp:1  | Entered Level 1 of the Swamp
 31343 | Swamp:1  | Received a gift from Yredelemnul
 31407 | Swamp:1  | Reached skill level 18 in Polearms
 31430 | Swamp:1  | Reached XP level 16. HP: 94/169 MP: 2/24
 31451 | Swamp:1  | Received a gift from Yredelemnul
 32038 | Swamp:2  | Received a gift from Yredelemnul
 32176 | Swamp:2  | Reached skill level 19 in Polearms
 32415 | Swamp:2  | Reached skill level 1 in Evocations
 32973 | Swamp:3  | Noticed Jorgrun
 32984 | Swamp:3  | Killed Jorgrun
 33507 | Swamp:4  | Entered Level 4 of the Swamp
 33544 | Swamp:4  | Reached skill level 20 in Polearms
 33544 | Swamp:4  | Received a gift from Yredelemnul
 33910 | Swamp:4  | Got a decaying rune of Zot
 33995 | Swamp:4  | Reached skill level 21 in Polearms
 34001 | Swamp:4  | Received a gift from Yredelemnul
 34126 | Swamp:4  | Noticed a thorn hunter
 34150 | Swamp:4  | Killed a thorn hunter
 34961 | Spider:1 | Entered Level 1 of the Spider Nest
 34975 | Spider:1 | Received a gift from Yredelemnul
 35100 | Spider:1 | Received a gift from Yredelemnul
 35416 | Spider:1 | Got a jewelled shortbow
 35421 | Spider:1 | Reached XP level 17. HP: 176/176 MP: 17/25
 35440 | Spider:1 | Got a thick robe
 35490 | Spider:1 | Identified the +4 shortbow "Hellblazer" {venom, *Drain Dex+5} (You found it on level 1 of the Spider Nest)
 35491 | Spider:1 | Identified the +1 robe of Ejar {Str+2 Dex+2 Slay+3 SInv} (You found it on level 1 of the Spider Nest)
 35689 | Spider:2 | Received a gift from Yredelemnul
 36058 | Spider:2 | Noticed Arachne
 36060 | Spider:2 | Noticed Donald
 36064 | Spider:2 | Killed Arachne
 36064 | Spider:2 | Enslaved Arachne
 36072 | Spider:2 | Killed Donald
 36294 | Spider:3 | Received a gift from Yredelemnul
 36660 | Spider:3 | Received a gift from Yredelemnul
 37173 | Spider:4 | Entered Level 4 of the Spider Nest
 37182 | Spider:4 | Received a gift from Yredelemnul
 37211 | Spider:4 | Noticed Asterion
 37218 | Spider:4 | Received a gift from Yredelemnul
 37225 | Spider:4 | Killed Asterion
 37252 | Spider:4 | Noticed Wiglaf
 37264 | Spider:4 | Killed Wiglaf
 37334 | Spider:4 | Noticed Agnes
 37341 | Spider:4 | Killed Agnes
 37602 | Spider:4 | Your ally Arachne died
 37614 | Spider:4 | Received a gift from Yredelemnul
 37765 | Spider:4 | Lost mutation: Your flesh is heat resistant. [mutagenic meat]
 37766 | Spider:4 | Lost mutation: You possess an exceptional clarity of mind. [mutagenic meat]
 37823 | Spider:4 | Reached skill level 5 in Stealth
 37858 | Spider:4 | Gained mutation: [Scrolls take you a little longer to read.] [mutagenic meat]
 37877 | Spider:4 | Got a gossamer rune of Zot
 38458 | Elf:1    | Entered Level 1 of the Elven Halls
 38467 | Elf:1    | Received a gift from Yredelemnul
 38583 | Elf:1    | Got an encrusted dagger
 38584 | Elf:1    | Identified the +8 dagger of Chance {pierce, MR- Str+6 Int+2 Stlth+} (You found it on level 1 of the Elven Halls)
 38670 | Elf:1    | Received a gift from Yredelemnul
 39375 | Elf:2    | Found a huge runed gate.
 39375 | Elf:2    | Found a huge runed gate.
 39376 | Elf:2    | Found a huge runed gate.
 39377 | Elf:2    | Found a huge runed gate.
 39381 | Elf:2    | Found a huge runed gate.
 39447 | Elf:2    | Received a gift from Yredelemnul
 39488 | Elf:2    | Reached XP level 18. HP: 178/187 MP: 26/26
 39823 | Elf:2    | Gained mutation: You tend to lose your temper in combat. [potion of mutation]
 39823 | Elf:2    | Gained mutation: You are clumsy. (Dex -2) [potion of mutation]
 39937 | Elf:3    | Entered Level 3 of the Elven Halls
 39966 | Elf:3    | Received a gift from Yredelemnul
 40177 | Elf:3    | Received a gift from Yredelemnul
 40208 | Elf:3    | Reached skill level 15 in Fighting
 40555 | Elf:3    | Identified Sif Muna's Handbook of Battle Magic and Curses
 40575 | Elf:3    | Got a bound brass ring
 40580 | Elf:3    | Got a spiked scale mail
 40650 | Elf:3    | Identified the ring "Casaeluk" {MR- MP+9 Str+7} (You found it on level 3 of the Elven Halls)
 40659 | Elf:3    | Got a distressingly furry ring mail
 40671 | Elf:3    | Got a flickering brass ring
 40675 | Elf:3    | Identified the ring "Axociax" {+Inv rPois Int+4 Dex-4} (You found it on level 3 of the Elven Halls)
 40691 | Elf:3    | Identified the +4 ring mail of Siunyirr {Int+4} (You found it on level 3 of the Elven Halls)
 40701 | Elf:3    | Identified the +0 scale mail "Zyphivo" {Str+3} (You found it on level 3 of the Elven Halls)
 40727 | Elf:3    | Got an ebony shortbow
 40730 | Elf:3    | Identified the cursed +3 shortbow "Brush" {freeze, Str+4} (You found it on level 3 of the Elven Halls)
 40808 | Elf:3    | Identified the Tome of the Raven
 40893 | Elf:3    | Gained mutation: [Your body sometimes deteriorates upon taking damage.] [mutagenic meat]
 40897 | Elf:3    | Lost mutation: [Armour fits poorly on your strangely shaped body.] [potion of cure mutation]
 40897 | Elf:3    | Lost mutation: You are clumsy. (Dex -2) [potion of cure mutation]
 40897 | Elf:3    | Lost mutation: You are extremely robust (+30% HP). [potion of cure mutation]
 40924 | Elf:3    | Got a slimy war axe
 40932 | Elf:3    | Identified the cursed +1 war axe "Qanottukka" {venom, rN+} (You found it on level 3 of the Elven Halls)
 41373 | Lair:1   | Learned a level 2 spell: Repel Missiles
 41376 | Lair:1   | Learned a level 2 spell: Swiftness
 41841 | Elf:3    | Noticed Aizul
 41871 | Elf:3    | Killed Aizul
 42731 | D:14     | Received a gift from Yredelemnul
 42755 | D:14     | Reached skill level 22 in Polearms
 42786 | Vaults:1 | Entered Level 1 of the Vaults
 43405 | Vaults:1 | Received a gift from Yredelemnul
 43427 | Vaults:1 | Reached XP level 19. HP: 128/186 MP: 27/27
 43499 | Vaults:1 | Reached skill level 23 in Polearms
 43608 | Vaults:1 | Received a gift from Yredelemnul
 43837 | Vaults:1 | Got a shimmering whip
 43838 | Vaults:1 | Identified the +1 whip of the Iron City of Dis {flame, +Rage rElec rF+ MR+} (You found it on level 1 of the Vaults)
 43967 | Vaults:1 | Received a gift from Yredelemnul
 44032 | Vaults:1 | Reached skill level 24 in Polearms
 44095 | Vaults:1 | Received a gift from Yredelemnul
 44295 | Vaults:1 | Cast into the Abyss (a wizard)
 44322 | Abyss:1  | Found a corrupted altar of Lugonu.
 44505 | Abyss:1  | Noticed a bone dragon
 44519 | Abyss:1  | Killed a bone dragon
 44661 | Abyss:1  | Noticed an ancient lich
 44676 | Abyss:2  | Found a corrupted altar of Lugonu.
 44681 | Abyss:2  | Found a corrupted altar of Lugonu.
 44765 | Abyss:2  | Found a corrupted altar of Lugonu.
 44973 | Abyss:2  | Gained mutation: Your spells are easier to cast, but less powerful. [a neqoxec]
 45050 | Abyss:2  | Reached skill level 25 in Polearms
 45440 | Abyss:2  | Reached skill level 1 in Armour
 45477 | Abyss:3  | Found an ancient bone altar of Kikubaaqudgha.
 45497 | Abyss:3  | Identified the Grimoire of the Birds
 45564 | Abyss:3  | Found an ancient bone altar of Kikubaaqudgha.
 45601 | Abyss:3  | Gained mutation: Your spells are much easier to cast, but much less powerful. [a neqoxec]
 45616 | Abyss:3  | Received a gift from Yredelemnul
 45636 | Abyss:3  | Found a corrupted altar of Lugonu.
 45695 | Abyss:3  | Found a corrupted altar of Lugonu.
 45713 | Abyss:3  | HP: 5/155 [salamander stormcaller/great blast of fire (40)]
 45714 | Abyss:3  | Engulfed by a salamander stormcaller's flame

Vault maps used:
D:1:      mrwooster_arrival_statue_3, hangedman_glass_garden
D:2:      overflow_temple_1_default
D:3:      overflow_temple_1_default, minmay_box_of_dots, uniq_natasha
D:4:      temple_green, first_bread, serial_shops, shop,
          nicolae_shop_window_shopping, nicolae_shop_crystal,
          nicolae_shop_trees, shop
D:5:      fiery_altar_vehumet, serial_shops,
          nicolae_shop_competitors_out_of_business, nicolae_underground_beach
D:6:      okawaru_ov_weapons_minmay
D:7:      lemuel_mausoleum_altar_yredelemnul, hangedman_decor_push,
          uniq_prince_ribbit1, uniq_pikel
D:8:      led_sif_pool, hangedman_tree_tricks, st_stairs_9,
          kennysheep_generic_room_15, uniq_maurice, uniq_erolcha
D:9:      makhleb_altar_promises_db, lair_0_dummy, serial_shops, shop_statue
D:10:     special_room, uniq_fannar
D:11:     basic_altar, serial_shops, shop, minmay_brain_eaters
D:12:     orc_0_dummy, nicolae_elemental_shop
D:14:     hangedman_vaults_entry_quadrant_bands, serial_bayou,
          serial_bayou_pond_c, serial_bayou_ford_a, serial_bayou_pond_a,
          serial_bayou_pond_a, minmay_door_square, serial_shops, shop_statue
D:15:     hangedman_depths_entry_civil_slaughter, minivault_4, serial_shops,
          statue_bzr
Temple:   circular_temple_12
Lair:1:   guppyfry_lair_drakes
Lair:2:   special_room, serial_bayou_pond_b, bobbens_dragon_lair_wall,
          infiniplex_staircase_pool_2
Lair:3:   spider_nest_entry_web_field
Lair:4:   uniq_rupert
Lair:5:   swamp_mist
Lair:6:   portal_ice_cave_entry_ice_beasts, st_stairs_10,
          grunt_forest_small_clearing_treed, serial_bayou_shore_a,
          lemuel_fruit_fields, lemuel_fruit_tree
Lair:7:   slime_altar_1, st_stairs_7, grunt_megastairs_1
Lair:8:   minmay_lair_end_frog_pond, ldierk_geyser
Swamp:1:  nicolae_swamp_trees_clearing
Swamp:2:  hangedman_swamp_blocks, swamp_pool2, infiniplex_staircase_pool
Swamp:3:  hangedman_swamp_cone, uniq_jorgrun
Swamp:4:  swamp_fiery
Spider:1: nicolae_spider_mines_1, spider_trap,
          hangedman_spider_tarantella_strand
Spider:2: uniq_donald, uniq_arachne
Spider:3: nicolae_orb_island
Spider:4: spider_rune_water, uniq_agnes, uniq_asterion, uniq_wiglaf
Orc:1:    basic_altar
Orc:2:    serial_shops, nicolae_shop_overgrown_old_shop, uniq_urug
Orc:3:    basic_altar, nicolae_orc_pool_cavern
Orc:4:    st_orc_pillars
Elf:1:    elf_arrival_002, kennysheep_underground_church, nicolae_elf_m_pinch,
          hangedman_elven_pyramids
Elf:3:    minmay_elf_hall, uniq_aizul
Vaults:1: nicolae_vaults_circle_grid_b, hangedman_vaults_cutoff,
          vaults_dpeg_diagonal, v_misc_16, vaults_room_grunt_arrival_ludios,
          vaults_room_pool, vaults_dpeg_doors, grunt_vaults_hallway_short,
          v_misc_25, nicolae_vaults_border_crossing,
          nicolae_vaults_know_your_exits, hangedman_vaults_restitches,
          nicolae_vaults_little_squares_5, ontoclasm_vaults_chip,
          grunt_vaults_hallway_long, vaults_dpeg_encased_lava, serial_ice_b
Bazaar:   bazaar_minmay_challenge
IceCv:    ice_cave_tombish

Action                   |  1- 3 |  4- 6 |  7- 9 | 10-12 | 13-15 | 16-18 | 19-21 || total
-------------------------+-------+-------+-------+-------+-------+-------+-------++-------
Melee: Club              |    48 |       |       |       |       |       |       ||    48
       Unarmed           |     6 |       |       |       |       |       |       ||     6
       Hand axe          |    18 |   120 |       |       |       |       |       ||   138
       Trident           |       |     8 |   320 |   818 |   613 |       |       ||  1759
       Halberd           |       |       |       |       |  1508 |       |       ||  1508
       Glaive            |       |       |       |       |    66 |  1067 |   482 ||  1615
 Cast: Freeze            |    33 |     9 |    11 |     2 |       |       |       ||    55
       Ozocubu's Armour  |     2 |     6 |    10 |    18 |    51 |    39 |     7 ||   133
       Throw Frost       |     1 |     4 |     2 |    17 |     6 |     3 |       ||    33
       Condensation Shie |       |       |       |    10 |    48 |    37 |     7 ||   102
       Summon Ice Beast  |       |       |       |       |     4 |     5 |     2 ||    11
       Throw Icicle      |       |       |       |       |    26 |    15 |       ||    41
       Swiftness         |       |       |       |       |       |     3 |     2 ||     5
       Repel Missiles    |       |       |       |       |       |     2 |     5 ||     7
Invok: Animate Remains   |       |       |       |     7 |       |       |       ||     7
       Animate Dead      |       |       |       |    18 |    94 |    67 |    13 ||   192
       Recall Undead Sla |       |       |       |     3 |    18 |    17 |     1 ||    39
       Injury Mirror     |       |       |       |     1 |     3 |     2 |     1 ||     7
       Drain Life        |       |       |       |       |     4 |     8 |       ||    12
       Stop Recall       |       |       |       |       |     1 |       |       ||     1
       Enslave Soul      |       |       |       |       |     7 |     3 |       ||    10
 Abil: Breathe Fire      |       |       |       |       |     1 |       |     1 ||     2
Evoke: Wand              |       |       |       |     5 |     5 |     6 |     1 ||    17
       Deck              |       |       |       |       |     1 |     4 |     1 ||     6
  Use: Scroll            |     5 |       |    15 |     8 |    29 |    22 |     3 ||    82
       Potion            |       |     1 |     8 |     1 |    14 |    14 |     7 ||    45
 Stab: Sleeping          |     4 |     5 |     7 |    19 |    37 |    33 |     4 ||   109
       Distracted        |       |       |       |     9 |    19 |    27 |    16 ||    71
       Confused          |       |       |       |       |       |     1 |       ||     1
  Eat: Chunk             |     3 |     9 |    13 |    21 |    44 |    23 |    10 ||   123
       Meat ration       |       |       |     1 |       |     4 |     5 |     1 ||    11
       Fruit             |       |       |       |    22 |    24 |     3 |     3 ||    52
       Pizza             |       |       |       |     1 |     4 |       |       ||     5
       Royal jelly       |       |       |       |       |     8 |     2 |       ||    10
       Bread ration      |       |       |       |       |       |     4 |       ||     4
       Beef jerky        |       |       |       |       |       |     3 |       ||     3
